 Dungeon Crawl Stone Soup version 0.31.0-11-ge490571c62 (webtiles) character file.

Game seed: 1898069971180028012

549 Gadfly the Fortune-Teller (level 7, -4/52 HPs)
             Began as a Demonspawn Monk on Feb 1, 2024.
             Was a Believer of Nemelex Xobeh.
             Slain by Pikel
             ... wielding a +2 whip of flaming
              (9 damage)
             ... on level 5 of the Dungeon.
             The game lasted 00:08:45 (4260 turns).

Gadfly the Fortune-Teller (Demonspawn Monk)         Turns: 4260, Time: 00:08:46

Health: -4/52      AC:  4    Str: 13    XL:     7   Next: 7%
Magic:  10/10      EV: 13    Int: 10    God:    Nemelex Xobeh [**....]
Gold:   384        SH:  0    Dex: 16    Spells: 6/6 levels left

rFire   . .          .
                       - Unarmed
rCold   . . .        (no shield)
rNeg    . . .        a - +1 robe
rPois   .            (no helmet)
rElec   .            j - +0 cloak
rCorr   .            (no gloves)
SInv    .            (no boots)
Will    .....        (no amulet)
Stlth   +            (no ring)
HPRegen 0.28/turn    (no ring)
MPRegen 0.12/turn

%: no passive effects
@: no status effects
A: claws 2, demonic magic 1
a: Renounce Religion, Draw Escape, Draw Destruction, Draw Summoning


You were on level 5 of the Dungeon.
You worshipped Nemelex Xobeh.
Nemelex Xobeh was pleased with you.
You visited 2 branches of the dungeon, and saw 6 of its levels.

You collected 593 gold pieces.
You spent 209 gold pieces at shops.

Inventory:

Hand Weapons
 b - a +2 dagger of freezing
Armour
 a - a +1 robe (worn)
 c - an orb of light
 j - a +0 cloak (worn)
Jewellery
 r - a ring of protection from cold
Talismans
 f - a flux talisman
Wands
 h - a wand of mindburst (14)
 o - a wand of polymorph (9)
Scrolls
 d - 3 scrolls of revelation
 n - a scroll of teleportation
 p - a scroll of silence
 q - a scroll of fog
Potions
 e - 4 potions of curing
 g - 2 potions of haste
 i - a potion of might
 k - a potion of berserk rage


   Skills:
 - Level 3.0 Fighting
 + Level 3.5 Dodging
 * Level 4.1 Unarmed Combat
 * Level 4.2 Invocations
 * Level 3.3 Evocations
 * Level 2.6 Shapeshifting


You had 6 spell levels left.
You didn't know any spells.
Your spell library contained the following spells:

 Spells                   Type           Power      Damage    Failure   Level
 Call Canine Familiar     Summ           0%         N/A       75%         3
 Dazzling Flash           Conj/Hex       0%         N/A       75%         3
 Mephitic Cloud           Conj/Alch/Air  0%         N/A       75%         3
 Sigil of Binding         Hex            0%         N/A       75%         3
 Cause Fear               Hex            0%         N/A       98%         4
 Dimensional Bullseye     Hex/Tloc       0%         N/A       98%         4
 Curse of Agony           Necr           0%         N/A       100%        5
 Fireball                 Conj/Fire      0%         3d3       100%        5
 Silence                  Hex/Air        0%         N/A       100%        5
 Dragon's Call            Summ           0%         N/A       100%        9


Dungeon Overview and Level Annotations

Branches:
Dungeon (5/15)             Temple (1/1) D:4

Altars:
Ashenzari
Cheibriados
Dithmenos
Fedhas
Kikubaaqudgha
Nemelex Xobeh
Okawaru
Ru
Sif Muna
Uskayaw
Vehumet
Wu Jian
Yredelemnul

Shops:
D:4 [??

Annotations:
D:3 1 runed translucent door, boopmooplesden's ghost, amateur AtFi
D:5 Pikel


Innate Abilities, Weirdness & Mutations

You have very sharp fingernails.
Spells you cast may paralyse adjacent enemies.


Message History

You scratch the iguana but do no damage.
The iguana is heavily wounded.
The iguana bites you!
You closely miss the iguana.
The iguana is heavily wounded.
The iguana bites you.
* * * LOW HITPOINT WARNING * * *
Pikel says, "Hell isn't that bad."
You scratch the iguana.
The iguana is almost dead.
The iguana barely misses you.
Okay, then.
You barely miss the iguana.
The iguana is almost dead.
The iguana bites you but does no damage.
You closely miss the iguana.
The iguana is almost dead.
The iguana closely misses you.
You claw the iguana!
You kill the iguana!
You draw a card...
You have drawn Pain.
Press: ? - help, Shift-Dir - straight line, f - Pikel
Aim: Pikel, wielding a +2 whip of flaming and wearing a +0 robe The bolt of negative energy hits Pikel.
Pikel is drained!
Pikel is moderately wounded.
Pikel hits you with a +2 whip of flaming!
* * * LOW HITPOINT WARNING * * *
Pikel burns you.
* * * LOW HITPOINT WARNING * * *
You draw a card...
You have drawn Vitriol.
Press: ? - help, Shift-Dir - straight line, f/p - Pikel
Aim: Pikel, wielding a +2 whip of flaming and wearing a +0 robe (moderately wounded, lightly drained)
The glob of acid hits Pikel!!
The acid corrodes Pikel!
Pikel is almost dead.
Pikel hits you with a +2 whip of flaming!
You die...
Pikel says, "Another soul for the market."
Your body glows slightly and disappears.

#########
#.#.##..!K!..#
...<......##K#
#.#.##.##.##@# #.
#.##.### #l #......#
..##..###.## ......#
#.>## ...##..###...#
..#. #..(.....## . .
#.........##
....#######.^........#


You could see Pikel (corroded, drained).

Vanquished Creatures
  Prince Ribbit (D:5)
  4 lemures (D:5)
  A bullfrog (D:5)
  A scorpion (D:4)
  A bombardier beetle (D:5)
  A hound (D:4)
  An iguana (D:5)
  2 adders
  An adder skeleton (D:2)
  5 dart slugs
  5 ribbon worms (D:2)
  6 bats
  A bat skeleton (D:2)
  9 endoplasms
  5 giant cockroaches
  5 goblins
  5 hobgoblins
  3 jackals (D:2)
  6 kobolds
  6 quokkas
  8 ball pythons
  3 ball python skeletons (D:2)
  2 ball python zombies (D:2)
  7 frilled lizards
  7 rats
96 creatures vanquished.

Notes
Turn   | Place    | Note
-------+----------+-------------------------------------------
     0 | D:1      | Gadfly the Demonspawn Monk began the quest for the Orb.
     0 | D:1      | Reached XP level 1. HP: 18/18 MP: 1/1
   144 | D:1      | Gained mutation: You have sharp fingernails. [demonic
                  | ancestry]
   144 | D:1      | Reached XP level 2. HP: 21/24 MP: 2/2
   156 | D:1      | Reached skill level 1 in Invocations
   274 | D:1      | Reached skill level 1 in Evocations
   451 | D:1      | Found a faded altar of an unknown god.
   813 | D:2      | Reached XP level 3. HP: 28/29 MP: 4/4
   914 | D:2      | Found a shimmering blue altar of Sif Muna.
   990 | D:2      | Reached skill level 1 in Shapeshifting
  1214 | D:2      | Gained mutation: You have very sharp fingernails. [demonic
                  | ancestry]
  1214 | D:2      | Reached XP level 4. HP: 35/35 MP: 5/5
  1713 | D:3      | Found a basalt altar of Yredelemnul.
  2068 | D:3      | Found a runed translucent door.
  2551 | D:3      | Noticed boopmooplesden's ghost (amateur AtFi)
  2633 | D:4      | Found Owirphana's Magic Scroll Boutique.
  2636 | D:4      | Bought a scroll of identify for 20 gold pieces
  2734 | D:4      | Found a blossoming altar of Fedhas.
  2772 | D:4      | Found a broken altar of Ashenzari.
  2772 | D:4      | Found a radiant altar of Vehumet.
  2903 | D:4      | Found a staircase to the Ecumenical Temple.
  2911 | Temple   | Entered the Ecumenical Temple
  2919 | Temple   | Became a worshipper of Nemelex Xobeh the Trickster
  2919 | Temple   | Reached * piety under Nemelex Xobeh
  2919 | Temple   | Received a gift from Nemelex Xobeh
  2919 | Temple   | Reached ** piety under Nemelex Xobeh
  3050 | D:4      | Noticed a scorpion
  3064 | D:4      | Killed a scorpion
  3065 | D:4      | Reached XP level 5. HP: 14/41 MP: 5/7
  3338 | D:4      | Found Luqanujo's Magic Scroll Shop.
  3472 | D:4      | Found Xagain's Armour Shop.
  3642 | D:4      | Identified a scroll of acquirement
  3642 | D:4      | Acquired 431 gold pieces
  3691 | D:4      | Bought a scroll of silence for 133 gold pieces
  3691 | D:4      | Bought a scroll of fog for 56 gold pieces
  3711 | D:5      | Entered Level 5 of the Dungeon
  3784 | D:5      | Noticed Prince Ribbit
  3797 | D:5      | Killed Prince Ribbit
  3798 | D:5      | Gained mutation: Spells you cast may paralyse adjacent
                  | enemies. [demonic ancestry]
  3798 | D:5      | Reached XP level 6. HP: 7/47 MP: 8/8
  4082 | D:5      | Reached XP level 7. HP: 29/52 MP: 10/10
  4195 | D:5      | Noticed Pikel
  4260 | D:5      | Slain by Pikel

Illustrated notes

Levels and vault maps discovered:
D:1:      lemuel_arrival_river_passageway, layout_basic,
          hellmonk_ecumenical_altar_pennies_from_heaven
D:2:      layout_loops_ring, serial_undead, serial_undead_d, serial_undead_f,
          serial_undead_b, serial_undead_a, basic_altar,
          kennysheep_pointless_box, minmay_parallelograms
D:3:      layout_basic, yredelemnul_altar_generic,
          ebering_ghost_reflecting_pool, minmay_lizard_king
D:4:      layout_basic, nicolae_overflow_two_pavilions, general_overflow_altar,
          mainiacjoe_overflow_six_doors_small, minmay_temple_entry_arrows,
          serial_shops, nicolae_shop_waterfront, nicolae_stop_n_shop_2,
          nicolae_shop_rolled_up
D:5:      layout_loops_ring, serial_shops, shop, minmay_holes,
          nrook_loot_triangle, uniq_prince_ribbit1, uniq_pikel
Temple:   nicolae_temple_two_arcs

Skill      XL: |  1  2  3  4  5  6 |
---------------+-------------------+-----
Invocations    | 1 2 3 4 |  4.2
Evocations     | 1 2 3 |  3.3
Unarmed Combat | 3 4 |  4.1
Shapeshifting  | 1 2 |  2.6
Dodging        | 3 |  3.5
Fighting       | |  3.0

Action                     |  1- 3 |  4- 6 |  7- 9 || total
---------------------------+-------+-------+-------++-------
  Melee: Unarmed           |   132 |   144 |    53 ||   329
         Punch             |     3 |     4 |     3 ||    10
 Invoke: Draw Destruction  |       |       |     4 ||     4
  Evoke: Wand              |       |     2 |       ||     2
    Use: Scroll            |     4 |     9 |       ||    13
         Potion            |     1 |     2 |     1 ||     4
   Stab: Distracted        |       |     1 |       ||     1
         Sleeping          |       |     1 |       ||     1
 Armour: Robe              |    37 |    67 |    35 ||   139
  Dodge: Dodged            |    99 |    83 |    33 ||   215
